 Dungeon Crawl Stone Soup version 0.27-a0-1319-geec4fb4e21 (webtiles) character file.

Game seed: 10161715529913635366

2142 snetch the Magician (level 9, -1/58 HPs)
             Began as a Djinni Fire Elementalist on June 21, 2021.
             Was a Priest of Dithmenos.
             Slain by a howler monkey (4 damage)
             ... on level 6 of the Dungeon.
             The game lasted 00:27:52 (8210 turns).

snetch the Magician (Djinni Fire Elementalist)      Turns: 8210, Time: 00:27:52

Health: -1/58      AC: 15    Str: 11    XL:     9   Next: 56%
Gold:   358        EV: 12    Int: 21    God:    Dithmenos [***...] SH:  0 Dex: 13

rFire    + + +     SeeInvis .   a - +0 flail (protect)
rCold    x x .     Faith    .   (no shield)
rNeg     + . .     Spirit   .   M - +1 ring mail "Mimaf" {rPois rF+ rN+ Str+4}
rPois    ∞         Reflect  .   K - +0 helmet
rElec    .         Harm     .   (no cloak)
rCorr    +         Rampage  .   (no gloves)
Will     .....                  (boots unavailable)
Stlth    ++........             (no amulet)
HPRegen  0.19/turn              t - ring of fire
MPRegen  0.00/turn              y - ring of resist corrosion

@: under a protective aura, flying, very slightly contaminated, wreathed by
umbra
A: sickness immunity, fire resistance 2, cold vulnerability 1, float, innate
caster, hp casting, extra vitality 1
a: Renounce Religion, Shadow Step


You were on level 6 of the Dungeon.
You worshipped Dithmenos.
Dithmenos was most pleased with you.
You visited 2 branches of the dungeon, and saw 8 of its levels.

You collected 358 gold pieces.

Inventory:

Hand Weapons
 a - a +0 flail of protection (weapon)
 b - a +3 falchion of flaming
 g - a +1 dagger of holy wrath
 k - a +0 flail of protection
 A - a +0 war axe
 B - a +0 trident
 I - a +0 morningstar
Missiles
 e - 2 datura-tipped darts
 f - a throwing net
 i - 190 stones
 p - 54 bolts
 w - 6 poisoned darts
 x - 57 sling bullets
 C - a curare-tipped dart
 J - 32 arrows
Armour
 l - a +0 chain mail
 r - a +0 scale mail
 D - a +0 plate armour
 K - a +0 helmet (worn)
 M - the +1 ring mail "Mimaf" (worn) {rPois rF+ rN+ Str+4}
   (You found it on level 5 of the Dungeon)

   It affects your strength (+4).
   It protects you from fire.
   It protects you from poison.
   It protects you from negative energy.
Magical Staves
 N - a staff of poison
Jewellery
 t - a ring of fire (left hand)
 y - a ring of resist corrosion (right hand)
Wands
 o - a wand of acid (11)
 s - a wand of polymorph (11)
Scrolls
 h - 5 scrolls of identify {unknown}
 j - a scroll of magic mapping {unknown}
 m - 2 scrolls of blinking {unknown}
 q - 5 scrolls of teleportation {unknown}
 v - 2 scrolls of fog {unknown}
 H - 4 scrolls of noise {unknown}
 L - 2 scrolls of immolation {unknown}
Potions
 c - a potion of flight {unknown}
 d - 3 potions of heal wounds {unknown}
 n - a potion of might {unknown}
 u - 2 potions of berserk rage
 z - 3 potions of attraction {unknown}
 E - a potion of ambrosia {unknown}
 F - a potion of curing {unknown}
 G - a potion of brilliance {unknown}


   Skills:
 + Level 2.0 Fighting
 + Level 6.0 Armour
 + Level 4.5 Dodging
 + Level 2.7 Stealth
 + Level 7.3 Spellcasting
 + Level 0.2 Invocations


You couldn't memorise any spells.
You knew the following spells:

 Your Spells              Type           Power      Damage    Failure   Level
a - Foxfire               Conj/Fire      100%       2x1d9     1%          1
b - Conjure Flame         Conj/Fire      55%        6-21      2%          3
c - Inner Flame           Hex/Fire       55%        N/A       2%          3
d - Sticky Flame          Conj/Fire      55%        2d7       9%          4
e - Fireball              Conj/Fire      27%        3d12      24%         5
f - Apportation           Tloc           76%        N/A       1%          1
g - Slow                  Hex            38%        N/A       1%          2
h - Spider Form           Tmut/Pois      19%        N/A       2%          3
i - Ignite Poison         Fire/Tmut/Pois 55%        N/A       2%          3
Your spell library was empty.

Dungeon Overview and Level Annotations

Branches:
Dungeon (7/15)             Temple (1/1) D:5

Altars:
Ashenzari
Cheibriados
Dithmenos
Fedhas
Gozag
Hepliaklqana
Makhleb
Nemelex Xobeh
Qazlal
Ru
Sif Muna
Trog
Uskayaw
Wu Jian
Xom
Yredelemnul

Annotations:
D:5 scroll behind rock


Innate Abilities, Weirdness & Mutations

You are immune to sickness and miasma.
You are immune to poison.
Your flesh is very heat resistant. (rF++)
You are vulnerable to cold. (rC-)
You float through the air rather than walking.
You learn spells naturally, not from books.
Your magical power is your life essence.
You have superior vitality. (+4 HP)


Message History

The howler monkey closely misses you. The ice beast closely misses you.
The howler monkey closely misses you.
Unknown command.
Casting: Fireball (quite dangerous; 24% risk of failure)
Confirm with . or Enter, or press ? or * to list all spells.
The spell is quite dangerous to cast (24% risk of failure)!
Continue anyway?
Aiming: Fireball (quite dangerous; 24% risk of failure)
Press: ? - help, Shift-Dir - straight line, f/p - ice beast
Aim: an ice beast (severely wounded, umbra)
You feel a surge of power! That beam is likely to hit you.
Continue anyway?
You miscast Fireball.
You are very lightly contaminated with residual magic.
Sparks fly from your hands. You resist.
* * * LOW HITPOINT WARNING * * *
x2 The ice beast closely misses you.
The howler monkey hits you.
* * * LOW HITPOINT WARNING * * *
You hit the ice beast.
Your weapon exudes an aura of protection.
The ice beast is severely wounded.
The howler monkey hits you.
* * * LOW HITPOINT WARNING * * *
The ice beast hits you but does no damage.
Casting: Fireball (quite dangerous; 24% risk of failure)
Confirm with . or Enter, or press ? or * to list all spells.
The spell is quite dangerous to cast (24% risk of failure)!
Continue anyway?
Aiming: Fireball (quite dangerous; 24% risk of failure)
Press: ? - help, Shift-Dir - straight line, f/p - ice beast
Aim: an ice beast (severely wounded, umbra)
You feel a surge of power! That beam is likely to hit you.
Continue anyway?
The fireball explodes!
The fireball engulfs the ice beast!!
The ice beast melts!
You kill the ice beast!
Dithmenos accepts your kill. The fireball engulfs you. You resist.
* * * LOW HITPOINT WARNING * * *
x2 The howler monkey hits you but does no damage.
The howler monkey hits you.
You die...

#.#
#.......#...
#.# #.#
#.......#..#
#.# #.#
#.......#..#
#.# #.#
#.......#..#
###.# #.#
#.......#..#
#...# #.#
#.......#..#
##..# #.#
#.......#...
##.####.#
##########.#
#..).@hz#
#######.#
###


You could see a howler monkey and a wight.

Vanquished Creatures
  A komodo dragon (D:6)
  Eustachio (D:4)
  A sky beast (D:7)
  2 black bears (D:6)
  An ice beast (D:6)
  An ogre (D:4)
  3 necrophages (D:6)
  A kobold brigand (D:6)
  2 phantoms
  A scorpion (D:4)
  A wyvern skeleton (D:6)
  A water moccasin skeleton (D:5)
  A wight (D:6)
  A howler monkey (D:5)
  A centaur zombie (D:3)
  A bullfrog zombie (D:5)
  A jelly (D:6)
  2 centaur skeletons
  4 orc priests
  2 hounds (D:6)
  Terence (D:3)
  An iguana (D:4)
  An orc wizard (D:6)
  A killer bee zombie (D:5)
  A hound skeleton (D:4)
  7 gnolls
  5 adders
  An ufetubus (D:5)
  A worm (D:3)
  A dart slug (D:1)
  14 orcs
  8 ball pythons
  7 endoplasms
  5 giant cockroaches
  12 hobgoblins
  15 jackals
  12 kobolds
  8 quokkas
  4 bats
  A frilled lizard (D:3)
  14 goblins
  4 rats
153 creatures vanquished.

Vanquished Creatures (collateral kills)
  4 foxfires
4 creatures vanquished.

Vanquished Creatures (others)
  549 foxfires
549 creatures vanquished.

Grand Total: 706 creatures vanquished

Notes
Turn   | Place    | Note
-------+----------+-------------------------------------------
     0 | D:1      | snetch the Djinni Fire Elementalist began the quest for the
                  | Orb.
     0 | D:1      | Reached XP level 1. HP: 15/15 MP: 0/0
   245 | D:1      | Reached XP level 2. HP: 18/21 MP: 0/0
   457 | D:2      | Reached skill level 3 in Spellcasting
   628 | D:1      | Reached XP level 3. HP: 23/25 MP: 0/0
   628 | D:1      | Learned a level 1 spell: Apportation
  1740 | D:3      | Noticed Terence
  1750 | D:3      | HP: 1/25 [Terence (5)]
  1751 | D:3      | Killed Terence
  1752 | D:3      | Reached XP level 4. HP: 1/31 MP: 0/0
  2550 | D:2      | Reached XP level 5. HP: 27/36 MP: 0/0
  2550 | D:2      | Learned a level 2 spell: Slow
  2853 | D:2      | Found a faded altar of an unknown god.
  2863 | D:2      | Became a worshipper of Dithmenos the Shadowed
  2863 | D:2      | Reached * piety under Dithmenos
  3152 | D:3      | Reached skill level 4 in Spellcasting
  3850 | D:3      | Reached ** piety under Dithmenos
  4019 | D:4      | Reached XP level 6. HP: 38/41 MP: 0/0
  4026 | D:4      | Noticed an ogre
  4031 | D:4      | Killed an ogre
  4032 | D:4      | Reached skill level 1 in Armour
  4152 | D:5      | Entered Level 5 of the Dungeon
  4200 | D:5      | Found a staircase to the Ecumenical Temple.
  4357 | D:4      | Reached skill level 1 in Fighting
  4357 | D:4      | Reached skill level 5 in Spellcasting
  4357 | D:4      | Reached XP level 7. HP: 26/47 MP: 0/0
  4357 | D:4      | Learned a level 3 spell: Spider Form
  5064 | D:4      | Noticed Eustachio
  5086 | D:4      | Killed Eustachio
  5492 | D:4      | Reached XP level 8. HP: 29/52 MP: 0/0
  6076 | Temple   | Entered the Ecumenical Temple
  6335 | D:6      | Reached skill level 6 in Spellcasting
  6621 | D:5      | Identified the +1 ring mail "Mimaf" {rPois rF+ rN+ Str+4}
  6989 | D:6      | Reached skill level 5 in Armour
  7289 | D:6      | Reached *** piety under Dithmenos
  7478 | D:6      | Reached XP level 9. HP: 52/58 MP: 0/0
  7478 | D:6      | Learned a level 3 spell: Ignite Poison
  7593 | D:6      | Noticed a komodo dragon
  7600 | D:6      | Killed a komodo dragon
  7840 | D:6      | Reached skill level 7 in Spellcasting
  8210 | D:6      | Slain by a howler monkey

Illustrated notes

Levels and vault maps discovered:
D:1:      lemuel_arrival_lava_pool, layout_basic, serial_forest,
          infiniplex_forest_clump_small, infiniplex_forest_straight_2,
          infiniplex_forest_lined_corner, infiniplex_forest_zigzag_1,
          infiniplex_forest_end_2, grunt_decor_clamped
D:2:      layout_rooms, hellmonk_ecumenical_altar_lost_god, serial_bayou_pond_b
D:3:      kennysheep_six_static_rooms, layout_rooms, uniq_terence
D:4:      layout_loops_ring, uniq_eustachio
D:5:      layout_cave_pools, minmay_temple_entry_statues_fountains,
          serial_column_ruins, column_ruins_corridor_corner,
          column_ruins_grid_3, column_ruins_corridor_T, column_ruins_open_small,
          column_ruins_open_tiny, item_on_display_a
D:6:      layout_basic
D:7:      minmay_s_stair_smasher, layout_rooms, tso_altar, serial_shops,
          nicolae_shop_temple_entry_statues_fountains, minmay_crystal_water,
          corexii_checkpoint_a, st_stairs_10, minmay_alternating_orb,
          uniq_menkaure
Temple:   eino_temple_scatter_basement

Skill      XL: |  1  2  3  4  5  6  7  8  9 |
---------------+----------------------------+-----
Spellcasting   | 3 4 5 6 7 |  7.3
Stealth        | 2 |  2.7
Dodging        | 3 4 |  4.5
Armour         | 1 2 5 6 |  6.0
Fighting       | 1 2 |  2.0
Invocations    | |  0.2

Action                   |  1- 3 |  4- 6 |  7- 9 || total
-------------------------+-------+-------+-------++-------
Melee: Flail             |       |     2 |    22 ||    24
 Cast: Foxfire           |    70 |   131 |   139 ||   340
       Fireball          |       |       |     9 ||     9
Invok: Shadow Step       |       |       |     1 ||     1
Armor: Robe              |     1 |     1 |       ||     2
       Ring mail         |       |     8 |    36 ||    44
       Leather armour    |       |       |     6 ||     6
Dodge: Dodged            |    12 |    20 |    69 ||   101

Table legend: (Time is in decaauts)
 A = Elapsed time spent in this place.
 B = Non-inter-level travel time spent in this place.
 C = Inter-level travel time spent in this place.
 D = Time resting spent in this place.
 E = Time spent auto-exploring this place.
 F = Levels seen in this place.
 G = Mean time per level.
                   A        B        C        D        E       F      G
               +--------+--------+--------+--------+--------+-----+--------+
         Total |   8231 |   7914 |    317 |    329 |   6041 |   8 | 1028.9 |
       Dungeon |   8044 |   7750 |    294 |    329 |   5879 |   7 | 1149.1 |
        Temple |    186 |    163 |     23 |      0 |    162 |   1 |  186.0 |
               +--------+--------+--------+--------+--------+-----+--------+

Top non-repeatable levels by time:
     D:4: 1802 daAuts
     D:1: 1712 daAuts
     D:6: 1553 daAuts
     D:2: 1206 daAuts
     D:3: 1040 daAuts
     D:5: 716 daAuts
  Temple: 186 daAuts
     D:7: 13 daAuts
